[Event "Betsys MČR v online bleskovém šachu 2021"]
[Site "Chess.com"]
[Date "2021.04.17"]
[Round "5"]
[White "Federer302"]
[Black "EDA16"]
[Result "1/2-1/2"]
[WhiteElo "1570"]
[BlackElo "1345"]
[TimeControl "180+1"]
[EndTime "9:48:25 PDT"]
[Termination "Remíza – nedostatek materiálu"]

1. e4 c5 2. Nf3 d6 3. d4 cxd4 4. Nxd4 Nf6 5. Nc3 g6 6. f3 Bg7 7. Be3 O-O 8. Be2 Qc7 9. O-O Nc6 10. Qd2 Nxd4 11. Bxd4 Be6 12. Nb5 Qc6 13. Nxa7 Qd7 14. Nb5 Rfc8 15. Nc3 Rc7 16. Be3 Rac8 17. Bh6 d5 18. Bxg7 Kxg7 19. exd5 Nxd5 20. Nxd5 Qxd5 21. Qxd5 Bxd5 22. c3 e5 23. Rfd1 Be6 24. Rd2 Bc4 25. Bxc4 Rxc4 26. Rd7 R8c7 27. Rxc7 Rxc7 28. Re1 Kf6 29. Re4 Kf5 30. a4 Rd7 31. b4 Rd1+ 32. Kf2 Rc1 33. Rc4 h5 34. a5 g5 35. Rc7 g4 36.
fxg4+ hxg4 37. Rxf7+ Ke4 38. Rxb7 Rxc3 39. a6 Ra3 40. a7 Kd3 41. Rd7+ Kc4 42. h4 gxh3 43. gxh3 Kxb4 44. Re7 Kb5 45. Rxe5+ Kb6 46. Re7 Kc6 47. h4 Kd6 48. Rg7 Ke6 49. h5 Kf6 50. Rb7 Kg5 51.
Rb5+ Kh6 52. Rb8 Rxa7 53. Rb5 Rg7 54. Kf3 Rg5 55. Rxg5 Kxg5 56. h6 Kxh6 1/2-1/2

[Event "Betsys MČR v online bleskovém šachu 2021"]
[Site "Chess.com"]
[Date "2021.04.17"]
[Round "5"]
[White "pburak"]
[Black "Kamilotka"]
[Result "1/2-1/2"]
[WhiteElo "1200"]
[BlackElo "1626"]
[TimeControl "180+1"]
[EndTime "9:48:28 PDT"]
[Termination "Remíza opakováním pozice"]

1. e4 e5 2. Nf3 Nc6 3. Bb5 d6 4. h3 Nf6 5. d3 a6 6. Ba4 Bd7 7. O-O Be7 8. Bg5 h6 9. Bh4 O-O 10. Nc3 Nh7 11. Bxe7 Qxe7 12. Ne2 Ng5 13. Ng3 f5 14.
Nxg5 Qxg5 15. Qh5 Qxh5 16. Nxh5 f4 17. d4 b5 18. Bb3+ Kh8 19. dxe5 dxe5 20. Rad1 Be8 21. Bd5 Bxh5 22. Bxc6 Rad8 23. f3 Bg6 24. Kf2 Bf7 25.
a3 Bc4 26. Rfe1 Bf7 27. b3 Kg8 28. Ke2 Kh8 29. Rxd8 Rxd8 30. Rd1 Rxd1 31. Kxd1 Kg8 32. Kd2 Kf8 33. Kc3 Be8 34. Bxe8 Kxe8 35. Kb4 Kd7 36. Ka5 Kc6 37. Kxa6 Kc5 38. a4 bxa4 39. bxa4 Kb4 40.
a5 c5 41. c3+ Kxc3 42. Kb5 Kd4 43. a6 c4 44. a7 c3 45. a8=Q Kd3 46. Qd8+ Kc2 47.
Qc7 Kd3 48. Kb4 c2 49. Qd6+ Ke2 50. Qc5 Kd1 51. Qd5+ Ke2 52. Qc4+ Kd1 53. Qb3 Kd2 54. Qb2 Kd1 55. Qb3 Kd2 56. Qb2 Kd1 57. Qb3 1/2-1/2

[Event "Betsys MČR v online bleskovém šachu 2021"]
[Site "Chess.com"]
[Date "2021.04.17"]
[Round "5"]
[White "pohoda1966"]
[Black "PetrSoucek"]
[Result "1-0"]
[WhiteElo "1734"]
[BlackElo "2005"]
[TimeControl "180+1"]
[EndTime "9:48:32 PDT"]
[Termination "Uživatel pohoda1966 zvítězil matem"]

1. e4 c5 2. Nc3 a6 3. g3 b5 4. Bg2 Bb7 5. d3 e6 6. Be3 Nf6 7. Nge2 d5 8. exd5 exd5 9. d4 c4 10.
O-O Bd6 11. Qd2 O-O 12. Nf4 Bc7 13. Rfe1 b4 14. Na4 Nbd7 15. Nc5 Nxc5 16. dxc5 a5 17.
c3 bxc3 18. Qxc3 Qd7 19. Rad1 Rfd8 20. Bd4 Bxf4 21. Bxf6 Bh6 22. Bd4 Qb5 23. Re5 Qb4 24. a3 Qxc3 25. Bxc3 f6 26. Re7 Bc6 27. Rc7 Rac8 28.
Bxa5 Rxc7 29. Bxc7 Rd7 30. Bd6 g6 31. Bxd5+ Bxd5 32. Rxd5 Bf8 33. Rd4 Bxd6 34. cxd6 Kf7 35. Rxc4 Rxd6 36. b4 Ke6 37. b5 Rd1+ 38. Kg2 Ra1 39.
a4 Rb1 40. Kf3 f5 41. Ke2 Kd5 42. Rc8 Kd4 43. Rd8+ Kc3 44. Rb8 Ra1 45. Ra8 Kd4 46.
b6 Ra2+ 47. Kf3 Ra3+ 48. Kg2 Kc5 49. b7 Rb3 50. b8=Q Rxb8 51. Rxb8 g5 52. a5 f4 53.
gxf4 gxf4 54. a6 f3+ 55. Kxf3 h5 56. a7 h4 57. a8=Q h3 58. Rd8 Kb4 59. Qc8 Kb5 60. Rd7 Ka5 61. Rb7 Ka6 62. Qa8# 1-0

[Event "Betsys MČR v online bleskovém šachu 2021"]
[Site "Chess.com"]
[Date "2021.04.17"]
[Round "5"]
[White "DenryS"]
[Black "FaceOfLightning"]
[Result "0-1"]
[WhiteElo "2089"]
[BlackElo "2015"]
[TimeControl "180+1"]
[EndTime "9:48:35 PDT"]
[Termination "Uživatel FaceOfLightning zvítězil matem"]

1. d4 Nf6 2. Nf3 d5 3. Bf4 Bf5 4. e3 c6 5. c4 e6 6. Nc3 Bd6 7. Bxd6 Qxd6 8. Qb3 Qe7 9. Be2 O-O 10. O-O dxc4 11. Qxc4 Nbd7 12. Rac1 Nb6 13. Qb3 Ne4 14. Nxe4 Bxe4 15. Ne5 Bd5 16. Nc4 Nxc4 17. Bxc4 Rfd8 18. Rfd1 Rac8 19. Rc3 Bxc4 20. Qxc4 e5 21. Rcd3 exd4 22. Rxd4 h6 23. Qd3 Rxd4 24. Qxd4 a6 25. Qd7 Re8 26.
h3 Kh7 27. Qf5+ g6 28. Qf3 Kg7 29. Rd4 Rd8 30. Qf4 Rxd4 31. Qxd4+ Kh7 32. a3 c5 33. Qd5 b5 34. Kf1 Kg7 35. Qc6 Qe5 36.
b3 Qc3 37. b4 Qxa3 38. Qxc5 Qa1+ 39. Ke2 Qb2+ 40. Kf3 Qf6+ 41. Ke2 Qb2+ 42. Kd3 Qxf2 43. Qe5+ Kh7 44. Qf4 Qxf4 45. exf4 Kg7 46. Kd4 Kf6 47.
g4 Ke6 48. Kc5 g5 49. f5+ Ke5 50. Kb6 Kd5 51. Kxa6 Kc4 52. Kb6 Kxb4 53. Kc6 Kc4 54. Kd6 b4 55. Ke7 b3 56. Kxf7 b2 57. Kg6 b1=Q 58. Kxh6 Qb6+ 59. Kxg5 Qd8+ 60. f6 Kd5 61.
Kg6 Ke6 62. g5 Qg8+ 63. Kh5 Kf5 64. h4 Qh7# 0-1

[Event "Betsys MČR v online bleskovém šachu 2021"]
[Site "Chess.com"]
[Date "2021.04.17"]
[Round "5"]
[White "trosecnik"]
[Black "androidddd"]
[Result "1-0"]
[WhiteElo "1841"]
[BlackElo "1424"]
[TimeControl "180+1"]
[EndTime "9:48:37 PDT"]
[Termination "Uživatel trosecnik zvítězil matem"]

1. e4 c6 2. Nc3 d5 3. Nf3 dxe4 4.
Nxe4 Nd7 5. d4 Ngf6 6. Bd3 Nxe4 7. Bxe4 Nf6 8. Qe2 Bg4 9. c3 e6 10. Bc2 Be7 11. h3 Bxf3 12. Qxf3 Qd5 13. Qxd5 Nxd5 14.
O-O Bf6 15. Re1 O-O 16. Bd2 Rfe8 17. Re2 Rac8 18. Rae1 c5 19. dxc5 Rxc5 20. Be4 b6 21. b4 Nxb4 22. cxb4 Rc4 23. Bd3 Rd4 24. Bb5 Red8 25.
Bc3 R4d5 26. Bxf6 gxf6 27. Bc4 Rd4 28. Bb3 Rxb4 29. g3 Rbd4 30. Kg2 e5 31. h4 a5 32. Re4 a4 33. Rxd4 Rxd4 34. Bc2 Rd2 35. Bxa4 Rxa2 36. Bd7 Rb2 37. Rc1 b5 38. Rc8+ Kg7 39. Rb8 b4 40. Rb7 Kg6 41. Bc6 f5 42. Bd5 f6 43. Bf7+ Kh6 44. Be6 Kg6 45. h5+ Kxh5 46. Bxf5 Kg5 47.
Bxh7 b3 48. Bg8 e4 49. Rxb3 Rc2 50.
Bd5 f5 51. Be6 Kg4 52. Rb5 e3 53. Bxf5+ Kg5 54. Bxc2+ Kg4 55. Bd3 exf2 56. Kxf2 Kh3 57. Kf3 Kh2 58. Rh5+ Kg1 59. Rg5 Kh2 60. g4 Kg1 61. Rf5 Kh2 62. g5 Kh3 63. g6 Kh4 64. g7 Kh3 65. Rf6 Kh2 66. g8=Q Kh1 67. Rh6# 1-0

[Event "Betsys MČR v online bleskovém šachu 2021"]
[Site "Chess.com"]
[Date "2021.04.17"]
[Round "5"]
[White "matyson523"]
[Black "Joanna23W"]
[Result "0-1"]
[WhiteElo "1813"]
[BlackElo "2674"]
[TimeControl "180+1"]
[EndTime "9:48:42 PDT"]
[Termination "Uživatel Joanna23W zvítězil matem"]

1. e4 c5 2. Nf3 Nc6 3. Bb5 g6 4. Nc3 Bg7 5. O-O Nd4 6. d3 Nxb5 7. Nxb5 a6 8. Nc3 b5 9. Be3 d6 10. e5 Bb7 11. Ne4 Rc8 12. Re1 Bxe4 13. dxe4 dxe5 14. Qe2 Qc7 15. Rad1 Nf6 16. Bg5 Nd7 17. Qd2 Nb6 18. Qa5 Qb7 19. Be3 O-O 20. Qc3 Nc4 21. Rd5 Nd6 22. Bxc5 Nxe4 23. Qd3 Nxc5 24. Qd2 e4 25.
Ng5 h6 26. Nxe4 Nxe4 27. Rxe4 Rxc2 28. Qxc2 Qxd5 29. h3 Qxa2 30. Rxe7 Qxb2 31. Qc7 Qa1+ 32. Kh2 a5 33. h4 b4 34. h5 gxh5 35. Qg3 Qf6 36. Ra7 Qe5 37. f4 Qc5 38. f5 Kh8 39.
Rd7 Be5 40. Rd3 Bxg3+ 41. Rxg3 Qc4 42. f6 b3 43. Rg7 b2 44. Kg3 b1=Q 45. Kh2 Qbd3 46.
g3 Qf4 47. gxf4 Qe2+ 48. Kh3 Qf3+ 49. Rg3 Qxf4 50. Kh2 Qxf6 51. Kh3 Qf4 52. Kg2 h4 53. Rf3 Qxf3+ 54. Kxf3 a4 55. Kg4 a3 56. Kxh4 a2 57. Kh5 a1=Q 58. Kxh6 Qf6+ 59. Kh5 Qg6+ 60. Kh4 Kg7 61.
Kh3 Rh8# 0-1

[Event "Betsys MČR v online bleskovém šachu 2021"]
[Site "Chess.com"]
[Date "2021.04.17"]
[Round "5"]
[White "Listro33"]
[Black "Klapuch05"]
[Result "0-1"]
[WhiteElo "1860"]
[BlackElo "1574"]
[TimeControl "180+1"]
[EndTime "9:48:46 PDT"]
[Termination "Uživatel Klapuch05 zvítězil na čas"]

1. d4 Nf6 2. Bf4 d5 3. e3 c5 4. c3 Nc6 5. Nf3 Qb6 6. Qb3 Bf5 7.
dxc5 Qxb3 8. axb3 e6 9. b4 a5 10.
Nbd2 Be7 11. Bb5 O-O 12. Bxc6 bxc6 13. bxa5 Bxc5 14. b4 Be7 15. O-O Nd7 16. Ne5 Nxe5 17. Bxe5 f6 18. Bd4 e5 19. Bb6 Rfc8 20. Nb3 Bd3 21.
Rfc1 Bc4 22. Nc5 Bxc5 23. Bxc5 Ra6 24. h3 Kf7 25. f4 Ke6 26. fxe5 fxe5 27. Rc2 Rc7 28.
Rf2 Rf7 29. Rxf7 Kxf7 30. Kf2 Kg6 31. Kg3 Kf5 32. Kf3 g5 33. g4+ Ke6 34. Kg3 Kf6 35. Rh1 h6 36. h4 Kg6 37. hxg5 hxg5 38. Rh8 Bb5 39. Rg8+ Kf6 40. Re8 Bc4 41. Bd6 e4 42. Bc5 Bb5 43. Bd4+ Kg6 44. Re6+ Kf7 45. Rf6+ Kg7 46.
Rxc6+ Kh7 47. Rxa6 Bxa6 48. Bf6 Kg6 49. Bd8 Kh6 50. Kf2 Kg6 51. Ke1 Bd3 52. Kd2 Bc4 53. Kc2 Kh6 54. Kb2 Kg6 55. Ka3 Kh6 56. Ka4 d4 57. cxd4 Kg6 58. b5 Bd5 59. b6 Kf7 60.
Kb5 Ke6 61. Bxg5 Kd7 62. a6 Kc8 63. Bf4 Be6 64. b7+ Kd7 0-1

[Event "Betsys MČR v online bleskovém šachu 2021"]
[Site "Chess.com"]
[Date "2021.04.17"]
[Round "5"]
[White "prosinec"]
[Black "Eliska0107"]
[Result "1-0"]
[WhiteElo "1738"]
[BlackElo "1990"]
[TimeControl "180+1"]
[EndTime "9:48:52 PDT"]
[Termination "Uživatel prosinec zvítězil na čas"]

1. Nf3 d5 2. d4 Nf6 3. c4 g6 4. Nc3 Bg7 5. Bf4 c6 6. e3 O-O 7. h3 Nbd7 8. Be2 Re8 9. O-O Ne4 10. Qc2 Ndf6 11. cxd5 Nxc3 12. bxc3 cxd5 13. c4 Be6 14. c5 Bd7 15. Ne5 Bc6 16. Nxc6 bxc6 17. a4 e5 18.
Bxe5 Rxe5 19. dxe5 Nd7 20. f4 Qe7 21. Rfc1 f6 22.
Bg4 fxe5 23. Bxd7 Qxd7 24. fxe5 Bxe5 25. Rab1 Re8 26. Rf1 Qe7 27. Kh1 Bc7 28. Rf3 Qe5 29.
Kg1 Qh2+ 30. Kf2 Be5 31. Qb3 Kh8 32. Rd1 Bg7 33. Qb7 Qe5 34. Rb1 d4 35. exd4 Qxd4+ 36. Kf1 Qxc5 37. Re1 Qc4+ 38. Kf2 Bd4+ 39. Kg3 Qg8 40.
Rxe8 Qxe8 41. Qf7 Be5+ 42. Kf2 Qxf7 43. Rxf7 Bd4+ 44. Ke2 c5 45. Rxa7 c4 46. Ra8+ Kg7 47. Rd8 Bf6 48. Rc8 c3 49. Kd3 Kf7 50. a5 Ke7 51.
Rc7+ Kd6 52. Rxh7 Kc6 53. a6 Kd5 54. a7 Bd4 55. a8=Q+ Ke5 56. Qa5+ Kf6 57. Qxc3 Bxc3 58. Kxc3 Kg5 59. Ra7 Kf6 60. Ra6+ Kf5 61. Kd3 g5 62. Ke2 Kf4 63. Kf2 g4 64. g3+ Kf5 65. h4 Ke4 66. h5 Kf5 67. h6 1-0

[Event "Betsys MČR v online bleskovém šachu 2021"]
[Site "Chess.com"]
[Date "2021.04.17"]
[Round "5"]
[White "JosefBara"]
[Black "milanpetras"]
[Result "0-1"]
[WhiteElo "1302"]
[BlackElo "1833"]
[TimeControl "180+1"]
[EndTime "9:48:57 PDT"]
[Termination "Uživatel milanpetras zvítězil po vzdání soupeře"]

1. d4 d5 2. c4 e6 3. Nc3 c5 4.
Nf3 Nc6 5. cxd5 exd5 6. Bg5 Be7 7.
Bxe7 Ngxe7 8. dxc5 O-O 9. e3 Be6 10. Be2 Qa5 11. O-O Qxc5 12. Rc1 Qa5 13. a3 Rfd8 14. Qa4 Qb6 15. b4 Rac8 16. Qc2 d4 17. exd4 Nxd4 18. Nxd4 Qxd4 19. Qb2 Qe5 20. Bf3 b6 21. Rfe1 Qf6 22. g3 h6 23. Qa1 Nf5 24. Ne4 Qxa1 25. Rxa1 Nd4 26. Bd1 Bf5 27. f3 Re8 28.
Ba4 b5 29. Bd1 Kf8 30. Kf2 Bxe4 31. Rxe4 Rxe4 32. fxe4 Nc6 33. Bf3 Ne5 34. Bg2 Rc2+ 35.
Kg1 Ke7 36. Rb1 Ra2 37. Rb3 f6 38. Rc3 Nc4 39. Bh3 Rxa3 40. Rxa3 Nxa3 41. Bf1 a6 42. Kf2 Kd6 43. Ke2 Ke5 44. Kd2 Nc4+ 45. Kd3 Nb2+ 46.
Ke3 Na4 47. h3 Nb2 48. g4 Nc4+ 49. Kd3 Nd6 50. Bg2 g6 51. Ke3 h5 52. gxh5 gxh5 53. h4 f5 54. exf5 Nxf5+ 55. Kf3 Nd4+ 56. Kf2 Nc2 57.
Bh3 Nxb4 58. Bc8 Kd4 59. Kg3 a5 60. Kf4 Kc5 61. Kg5 a4 62. Kxh5 a3 63. Kg6 Nd3 64. Be6 Nf4+ 65. Kf6 Nxe6 66. Kxe6 a2 67. h5 a1=Q 68. h6 Qh1 69. Kf6 Qxh6+ 0-1

[Event "Betsys MČR v online bleskovém šachu 2021"]
[Site "Chess.com"]
[Date "2021.04.17"]
[Round "5"]
[White "Cimrman"]
[Black "Tolja1"]
[Result "1-0"]
[WhiteElo "2340"]
[BlackElo "2038"]
[TimeControl "180+1"]
[EndTime "9:49:04 PDT"]
[Termination "Uživatel Cimrman zvítězil na čas"]

1. d4 e6 2. Nf3 f5 3. g3 Nf6 4. Bg2 d5 5. O-O Bd6 6. b3 Qe7 7. Bb2 O-O 8. Ne5 c6 9. c4 Nbd7 10. Nd2 Ne4 11. e3 Ndf6 12. f4 Bd7 13. Nxe4 Nxe4 14.
Bxe4 fxe4 15. a4 a5 16. Qc1 Bxe5 17. dxe5 Qf7 18. cxd5 exd5 19. Bd4 Bh3 20. Rf2 Qe6 21. Qc5 g5 22. Raa2 Rf7 23. Qd6 Qxd6 24. exd6 gxf4 25. Rxf4 Rxf4 26. exf4 Kf7 27. Kf2 Ke6 28. Be5 h5 29.
Ke3 Ra6 30. Rc2 Rb6 31. Rc3 Bg4 32. Kd2 Bh3 33. Kc2 Bg4 34. Rc5 Ra6 35. Kc3 Bd1 36.
b4 axb4+ 37. Kxb4 Rxa4+ 38. Kc3 Ra6 39. h3 Bf3 40. Kd2 Bg2 41. g4 Bxh3 42. gxh5 Bg4 43.
h6 Ra2+ 44. Ke3 Rh2 45. Bg7 Kxd6 46. Rc1 b6 47. Rg1 Bf5 48. Rg5 Ke6 49. Rg1 c5 50.
Rc1 d4+ 51. Bxd4 cxd4+ 52. Kxd4 Rd2+ 53. Ke3 Rd6 54. Ke2 Kf6 55. Ke3 Kg6 56. Rh1 Rd7 57. Rh2 Rh7 58. Rb2 Rxh6 59. Rxb6+ Kh5 60. Rb5 Kg4 61.
Re5 Rh3+ 62. Kd4 Kxf4 63. Kc4 e3 64. Re7 Rh2 65. Kc3 Rd2 66. Rf7 Rd8 67. Re7 1-0

[Event "Betsys MČR v online bleskovém šachu 2021"]
[Site "Chess.com"]
[Date "2021.04.17"]
[Round "5"]
[White "TheFr0zenSun"]
[Black "kubaches123"]
[Result "1/2-1/2"]
[WhiteElo "2241"]
[BlackElo "2027"]
[TimeControl "180+1"]
[EndTime "9:49:09 PDT"]
[Termination "Remíza opakováním pozice"]

1. d4 Nf6 2. Nf3 e6 3. Bf4 d5 4.
e3 Bd6 5. Bg3 O-O 6. Nbd2 c5 7.
c3 b6 8. Bd3 Bb7 9. Qc2 Qc7 10. Ne5 Nbd7 11. f4 c4 12. Be2 b5 13.
a3 Ne4 14. Nxe4 dxe4 15. O-O f6 16. Nxd7 Qxd7 17. Bg4 f5 18. Be2 Bd5 19. Kh1 a5 20.
Bh4 Rab8 21. g4 g6 22. gxf5 exf5 23. Rg1 Kh8 24. Be1 Qc6 25. h4 Be7 26. h5 gxh5 27. Bxh5 Qh6 28. Qh2 Rg8 29. Bf2 Bf6 30. Rxg8+ Rxg8 31. Rg1 Rxg1+ 32. Kxg1 Be7 33. Bd1 Qxh2+ 34. Kxh2 Kg7 35.
Be1 Kg6 36. Kh3 h6 37. Bh4 Bd6 38. Bd8 b4 39. axb4 axb4 40. Ba5 bxc3 41. Bxc3 Be7 42. Be2 Kf7 43. Bf1 Ke8 44. Be2 Be6 45. Bd1 Kd7 46.
Ba4+ Kc7 47. Be1 Kb6 48. Bh4 Bb4 49. Bf2 Bd2 50. Kh4 Bc1 51. Kh5 Bxb2 52. Kxh6 c3 53.
Kg6 Ka5 54. Bc2 Kb4 55. Kf6 Bb3 56. Bb1 c2 57. Bxc2 Bxc2 58. Kxf5 Kc4 59. Ke5 Ba3 60. f5 Ba4 61. f6 Bc6 62. f7 Kd3 63. Ke6 Ke2 64. Bg1 Kf1 65. Bh2 Bf8 66. Bd6 Bh6 67.
Bf4 Bf8 68. Bd6 Bg7 69. Be5 Bf8 70. Bd6 1/2-1/2

[Event "Betsys MČR v online bleskovém šachu 2021"]
[Site "Chess.com"]
[Date "2021.04.17"]
[Round "5"]
[White "mravecuk"]
[Black "HCMotorCB"]
[Result "0-1"]
[WhiteElo "2256"]
[BlackElo "2385"]
[TimeControl "180+1"]
[EndTime "9:49:14 PDT"]
[Termination "Uživatel HCMotorCB zvítězil po vzdání soupeře"]

1. d4 d5 2. Nc3 Nf6 3. Bf4 c6 4. e3 Bf5 5. f3 e6 6. g4 Bg6 7. h4 h5 8. g5 Ng8 9. Bd3 Ne7 10. Nge2 Qb6 11. Bxg6 Nxg6 12. Qd3 Nd7 13. O-O-O c5 14. dxc5 Nxc5 15. Qb5+ Nd7 16. Qxb6 Nxb6 17. Bg3 a6 18. e4 dxe4 19. Nxe4 Be7 20. Nd6+ Bxd6 21.
Bxd6 Rc8 22. b3 Nd5 23. c4 Ne3 24. Rd3 Nf5 25. Ba3 Ngxh4 26. Nf4 g6 27. Rhd1 b5 28. Bb2 O-O 29. Rc3 bxc4 30. bxc4 Rc6 31. c5 Rfc8 32.
Ba3 Ne7 33. Kb2 Nhf5 34. Rcd3 Kg7 35. Kb3 Rb8+ 36. Ka4 Rb5 37. Bb4 Rbxc5 38. Bxc5 Rxc5 39.
Kb4 Rb5+ 40. Kc4 Ra5 41. Kb3 Nc6 42. a4 Rc5 43. Rc3 Rxc3+ 44. Kxc3 Ne5 45. Kb4 Nxf3 46. Ka5 Nxg5 47. Kxa6 h4 48. Kb5 e5 49. Ng2 h3 50.
Rg1 hxg2 51. Rxg2 Ne6 52. a5 Nfd4+ 53. Kb6 Nd8 54. a6 N8c6 55. a7 Nxa7 56. Kxa7 f5 57.
Kb6 Kf6 58. Kc5 Nf3 59. Kd5 g5 60. Ra2 g4 61. Ra6+ Kg5 62. Kc4 g3 63. Kd3 g2 64.
Ke3 g1=Q+ 65. Kxf3 Qd4 66. Ra3 e4+ 67. Kg2 Qd2+ 68. Kh3 Kf4 69. Ra8 Qe3+ 70. Kh2 Qf2+ 71. Kh1 Qf3+ 72. Kh2 e3 73. Ra4+ Qe4 74. Rxe4+ Kxe4 75. Kg2 Kd3 76. Kf1 Kd2 77. Kg2 e2 0-1

[Event "Betsys MČR v online bleskovém šachu 2021"]
[Site "Chess.com"]
[Date "2021.04.17"]
[Round "5"]
[White "fm_magua"]
[Black "Lunaticx"]
[Result "1/2-1/2"]
[WhiteElo "2522"]
[BlackElo "2991"]
[TimeControl "180+1"]
[EndTime "9:49:49 PDT"]
[Termination "Remíza podle pravidla o 50 tazích"]

1. e4 c5 2. Nf3 d6 3. d4 cxd4 4. Nxd4 Nf6 5. Nc3 a6 6. Bc4 e6 7. Bb3 Nc6 8. O-O Be7 9. Be3 O-O 10. f4 Qc7 11. f5 Nxd4 12. Qxd4 Bd7 13. Bg5 h6 14.
Bh4 Rad8 15. Kh1 b5 16. Rad1 a5 17. a4 bxa4 18. Nxa4 e5 19. Qd3 Bxa4 20. Bxa4 d5 21. Bxf6 dxe4 22. Qxe4 Bxf6 23. Bb3 Qc5 24. Rd5 Rxd5 25.
Qxd5 Qxd5 26. Bxd5 e4 27. Bxe4 Bxb2 28. Rb1 Bc3 29. Rb3 Rc8 30. Kg1 a4 31. Ra3 Rc4 32.
Bd3 Bb2 33. Bxc4 Bxa3 34. Kf1 Bc5 35. Ke2 Kf8 36. Kd3 Ke7 37. h3 a3 38. Ke4 Bf2 39.
Kd5 Bg3 40. Ba2 Kf6 41. Ke4 h5 42. Bb3 h4 43. Ba2 Bc7 44. Bb3 Bb8 45. Ba2 Ke7 46. Kd5 Bc7 47. Bb3 Bg3 48. Ba2 Kd7 49. Bb3 Kc7 50. Kc5 Bf2+ 51. Kd5 f6 52. Ba2 Kb6 53. Ke6 Be3 54. Kd5 Kb5 55. Ke4 Bg5 56. Kd5 Be3 57. Ke4 Bf2 58. Kd3 Be1 59. Bb3 Kb4 60. Ba2 Bc3 61. Bb3 Be5 62. Ba2 Kc5 63. Bb3 Bb2 64.
Ba2 Kd6 65. Ke4 Kc6 66. Bb3 Kc5 67. Ba2 Be5 68. Bb3 Bb8 69. Ba2 Kd6 70. Bb3 Ba7 71.
Ba2 Kc6 72. Bb3 Kc5 73. Ba2 Kb4 74. Kd3 Bf2 75. Bb3 Bg1 76. Ba2 Kb5 77. Bb3 Kc6 78. Ba2 Kd6 79. Ke4 Bh2 80. Bb3 Be5 81. Ba2 Kc5 82. Bb3 Kb4 83. Kd3 Bc7 84. Ba2 Kc5 85. Bb3 Kc6 86. Ba2 Kd6 87. Ke4 Kc5 88. Bb3 Be5 89. Ba2 Kb5 90. Bb3 Kb4 91. Kd3 Kc5 92.
Ba2 Bb2 93. Bb3 Bc1 94. Ba2 Kd6 95. Ke4 Ke7 96. Bb3 Bb2 97. Ba2 Bc3 98. Bb3 Bb4 99.
Ba2 Bd2 100. Bb3 Bh6 101. Ba2 Kd6 1/2-1/2

[Event "Betsys MČR v online bleskovém šachu 2021"]
[Site "Chess.com"]
[Date "2021.04.17"]
[Round "5"]
[White "TomasOrnet1"]
[Black "misacz"]
[Result "1-0"]
[WhiteElo "1505"]
[BlackElo "1075"]
[TimeControl "180+1"]
[EndTime "9:50:05 PDT"]
[Termination "Uživatel TomasOrnet1 zvítězil matem"]

1. e4 e6 2. d4 d5 3. exd5 exd5 4. Nf3 Nf6 5. Nc3 Nc6 6. Nb5 a6 7. Nc3 Bb4 8. Bd2 Be6 9. Bd3 O-O 10. O-O Bg4 11. Be3 Bxc3 12. bxc3 Re8 13. h3 Bh5 14. Bg5 h6 15. Bh4 Qd6 16. Qd2 Bxf3 17. gxf3 Nh5 18. Rae1 Nf4 19. Bg3 Nxh3+ 20. Kh2 Ng5 21. Bxd6 Nxf3+ 22.
Kg3 Nxd2 23. Rxe8+ Rxe8 24. Rd1 cxd6 25. Rxd2 Re1 26.
c4 dxc4 27. Bxc4 Rg1+ 28. Kh2 Rg4 29. c3 Rh4+ 30. Kg3 Rh1 31. Rd3 Re1 32. Rf3 Re7 33.
Bd5 Rc7 34. c4 Nxd4 35. Rd3 Ne2+ 36. Kf3 Ng1+ 37. Kg2 Ne2 38. Kf3 Nc1 39. Rd2 Re7 40. Rc2 Re5 41. Rxc1 Re8 42. Rc2 Re7 43. Rb2 Kh7 44.
Rxb7 Rxb7 45. Bxb7 Kg8 46. Bxa6 Kf8 47. Bb5 Ke7 48. a3 Ke6 49. a4 Ke7 50. a5 Kd8 51. a6 Kc8 52. a7 Kb7 53. a8=Q+ Kxa8 54. Bc6+ Ka7 55. Bd5 Kb6 56. Bxf7 Kc5 57. Ke4 Kb4 58. Kd4 Ka3 59. Kd5 Kb2 60. Kxd6 Kc1 61. Ke7 Kd2 62.
Kf8 Ke1 63. Kxg7 Kxf2 64. Kxh6 Ke3 65. c5 Kd4 66. c6 Ke5 67. c7 Kd6 68. c8=Q Ke7 69.
Qe8+ Kd6 70. Qe1 Kc5 71. Kg5 Kd4 72. Kf5 Kd3 73. Kf4 Kd4 74. Qd1+ Kc3 75. Ke3 Kb4 76. Qb1+ Kc3 77. Qc1+ Kb4 78. Kd4 Kb5 79. Qb1+ Kc6 80. Ke5 Kc5 81. Qc1+ Kb4 82. Bh5 Kb5 83. Kd5 Kb4 84. Qc4+ Ka3 85. Qb5 Ka2 86. Qb8 Ka3 87. Kc4 Ka2 88. Kc3 Ka1 89. Kc2 Ka2 90. Qa8# 1-0

[Event "Betsys MČR v online bleskovém šachu 2021"]
[Site "Chess.com"]
[Date "2021.04.17"]
[Round "6"]
[White "Herracek"]
[Black "HCMotorCB"]
[Result "1-0"]
[WhiteElo "2616"]
[BlackElo "2382"]
[TimeControl "180+1"]
[EndTime "9:52:04 PDT"]
[Termination "Uživatel Herracek zvítězil po vzdání soupeře"]

1. c4 c5 2. g3 g6 3. Bg2 Bg7 4. Nc3 Nf6 5. d3 O-O 6. Bg5 Nc6 7. Qd2 a6 8. Bh6 Rb8 9. h4 b5 10. cxb5 axb5 11. h5 b4 12. Nd5 Nxd5 13. Bxd5 e6 14.
Bxg7 Kxg7 15. hxg6 hxg6 16. Qh6+ Kf6 17. Bxc6 dxc6 18.
Qf4+ Kg7 19. Qxb8 Qd4 20. Nf3 Qxb2 21. Qe5+ 1-0

[Event "Betsys MČR v online bleskovém šachu 2021"]
[Site "Chess.com"]
[Date "2021.04.17"]
[Round "6"]
[White "nw_tynka"]
[Black "PaulS_CR"]
[Result "1-0"]
[WhiteElo "2189"]
[BlackElo "1850"]
[TimeControl "180+1"]
[EndTime "9:52:05 PDT"]
[Termination "Uživatel nw_tynka zvítězil po vzdání soupeře"]

1. e4 e6 2. d4 d5 3. Nc3 Bb4 4. Bd3 dxe4 5. Bxe4 Nf6 6. Bf3 O-O 7. Ne2 c5 8. O-O cxd4 9. Nxd4 Bd7 10. Bxb7 Bxc3 11. bxc3 1-0

[Event "Betsys MČR v online bleskovém šachu 2021"]
[Site "Chess.com"]
[Date "2021.04.17"]
[Round "6"]
[White "Joanna23W"]
[Black "Bohous13"]
[Result "1-0"]
[WhiteElo "2675"]
[BlackElo "2211"]
[TimeControl "180+1"]
[EndTime "9:52:13 PDT"]
[Termination "Uživatel Joanna23W zvítězil po vzdání soupeře"]

1. e4 e6 2. d4 d5 3. Nc3 dxe4 4. Nxe4 Nd7 5. Nf3 Ngf6 6. Bg5 Be7 7. Bxf6 Nxf6 8. Bd3 b6 9. Qe2 Bb7 10. O-O O-O 11. c3 c5 12. Rad1 cxd4 13. Nxd4 Nxe4 14. Bxe4 Bxe4 15. Nxe6 1-0

[Event "Betsys MČR v online bleskovém šachu 2021"]
[Site "Chess.com"]
[Date "2021.04.17"]
[Round "6"]
[White "kaprasov"]
[Black "Bagr92"]
[Result "1-0"]
[WhiteElo "1877"]
[BlackElo "1578"]
[TimeControl "180+1"]
[EndTime "9:52:32 PDT"]
[Termination "Uživatel kaprasov zvítězil matem"]

1. d4 d5 2. Bf4 e6 3. e3 Nf6 4.
Nd2 c5 5. c3 Nc6 6. Ngf3 Bd7 7.
Ne5 Be7 8. Bd3 c4 9. Bc2 O-O 10. h4 Nh5 11. Qxh5 g6 12. Qh6 Bf6 13. Bg5 b5 14. Nxd7 Bxg5 15. hxg5 Qxd7 16. Qxh7# 1-0

[Event "Betsys MČR v online bleskovém šachu 2021"]
[Site "Chess.com"]
[Date "2021.04.17"]
[Round "6"]
[White "Berzeger"]
[Black "horalek"]
[Result "0-1"]
[WhiteElo "1032"]
[BlackElo "1347"]
[TimeControl "180+1"]
[EndTime "9:52:32 PDT"]
[Termination "Uživatel horalek zvítězil po vzdání soupeře"]

1. e4 c6 2. d4 d5 3. e5 Bf5 4. Nf3 e6 5. Nc3 c5 6. Bg5 Qb6 7. Bb5+ Nc6 8. Bxc6+ Qxc6 9. b3 cxd4 10. Nxd4 Qxc3+ 11. Bd2 Qxd4 12. Qe2 Qxa1+ 0-1

[Event "Betsys MČR v online bleskovém šachu 2021"]
[Site "Chess.com"]
[Date "2021.04.17"]
[Round "6"]
[White "sachovybukowski"]
[Black "lupinek23"]
[Result "1-0"]
[WhiteElo "1983"]
[BlackElo "1621"]
[TimeControl "180+1"]
[EndTime "9:52:49 PDT"]
[Termination "Uživatel sachovybukowski zvítězil po vzdání soupeře"]

1. d4 d5 2. Bg5 Nf6 3. e3 e6 4. Bd3 Be7 5. Nd2 h6 6. Bh4 O-O 7. f4 Ne4 8. Bxe7 Qxe7 9. Nxe4 dxe4 10. Bxe4 Qb4+ 11. c3 Qxb2 12. Ne2 Bd7 13. Rb1 Qxa2 14. Bxb7 Bc6 15. Bxa8 Bxa8 16. O-O Qb3 17. Qxb3 1-0

[Event "Betsys MČR v online bleskovém šachu 2021"]
[Site "Chess.com"]
[Date "2021.04.17"]
[Round "6"]
[White "DrDANDog"]
[Black "vaclavbelaska"]
[Result "1-0"]
[WhiteElo "1768"]
[BlackElo "1400"]
[TimeControl "180+1"]
[EndTime "9:53:01 PDT"]
[Termination "Uživatel DrDANDog zvítězil po vzdání soupeře"]

1. e4 d5 2. exd5 Nf6 3. Nc3 Nxd5 4. Nxd5 Qxd5 5. Nf3 Nc6 6. b3 e5 7. Bc4 Qd6 8. O-O Be7 9. Bb2 f6 10. d4 Be6 11. Bxe6 Qxe6 12. d5 1-0

[Event "Betsys MČR v online bleskovém šachu 2021"]
[Site "Chess.com"]
[Date "2021.04.17"]
[Round "6"]
[White "stripe122"]
[Black "adambelaska"]
[Result "1-0"]
[WhiteElo "1792"]
[BlackElo "1434"]
[TimeControl "180+1"]
[EndTime "9:53:03 PDT"]
[Termination "Uživatel stripe122 zvítězil po vzdání soupeře"]

1. e4 d5 2. exd5 Nf6 3. c4 e6 4. dxe6 Bxe6 5. d4 c5 6. d5 Bf5 7. Bd3 Bxd3 8. Qxd3 Qe7+ 9. Ne2 Ne4 10. O-O Ng5 11. Be3 Ne4 12. Nbc3 Nxc3 13. Nxc3 Nd7 14.
Rfe1 Ne5 15. Qe2 Ng4 16. Qxg4 g6 17. Bxc5 Qxe1+ 18. Rxe1+ Kd8 19. Bxf8 1-0